 Dungeon Crawl Stone Soup version 0.29.1-15-g9cfb28693d (webtiles) character file.

Game seed: 1601343012384935774

555 H0rd4k the Insei (level 7, -3/48 HPs)
             Began as an Octopode Artificer on Feb 27, 2023.
             Slain by an ogre
             ... wielding a +0 giant club
              (22 damage)
             ... on level 5 of the Dungeon.
             The game lasted 00:04:48 (5415 turns).

H0rd4k the Insei (Octopode Artificer)               Turns: 5415, Time: 00:04:49

Health: -3/48      AC:  1    Str: 11    XL:     7   Next: 30%
Magic:  11/11      EV: 13    Int: 15    God:
Gold:   181        SH:  0    Dex: 13    Spells: 12/12 levels left

rFire   . . .      SeeInvis .     - Unarmed
rCold   . . .      Faith    .   (no shield)
rNeg    . . .      Spirit   .   (helmet restricted)
rPois   .          Reflect  .   (no amulet)
rElec   .          Harm     .   (no ring)
rCorr   .          Rampage  .   (no ring)
Will    .....                   (no ring)
Stlth   +++.......              (no ring)
HPRegen 0.16/turn               (no ring)
MPRegen 0.12/turn               (no ring)
                                (no ring)
                                (no ring)

@: no status effects
A: almost no armour, amphibious, 8 rings, camouflage 1, gelatinous body 1,
(nimble swimmer 1), tentacles
a: no special abilities


You were on level 5 of the Dungeon.
You visited 1 branch of the dungeon, and saw 5 of its levels.
You also visited: Sewer.

You collected 181 gold pieces.

Inventory:

Missiles
 r - 6 poisoned darts
Wands
 b - a wand of flame (15) (quivered)
 c - a wand of charming (8)
 d - a wand of iceblast (16)
Scrolls
 a - a scroll of enchant armour {unknown}
 e - a scroll of magic mapping {unknown}
 k - 2 scrolls of acquirement {unknown}
 m - 3 scrolls of teleportation {unknown}
 n - a scroll of identify {unknown}
 o - a scroll of vulnerability {unknown}
 q - a scroll of summoning {unknown}
Potions
 f - 2 potions of mutation {unknown}
 g - a potion of heal wounds {unknown}
 h - a potion of attraction {unknown}
 i - a potion of brilliance {unknown}
 j - 4 potions of flight
 l - 2 potions of curing
 p - 2 potions of degeneration {unknown}


   Skills:
 * Level 4.1 Fighting
 - Level 2.3 Dodging
 - Level 1.3 Stealth
 + Level 5.0 Unarmed Combat
 * Level 3.0 Spellcasting
 - Level 3.2 Evocations


You had 12 spell levels left.
You didn't know any spells.
Your spell library contained the following spells:

 Spells                   Type           Power      Damage    Failure   Level
 Confusing Touch          Hex            2%         N/A       52%         3
 Yara's Violent Unravell  Hex/Tmut       1%         3d3       99%         5
 Enfeeble                 Hex            1%         N/A       100%        7


Dungeon Overview and Level Annotations

Branches:
Dungeon (5/15)              Sewer (visited)
 Temple: D:4-7

Altars:
Ashenzari

Shops:
D:1 (   D:4 (

Annotations:
D:3 exclusion: downstairs
D:4 3 runed translucent doors, exclusion: 3 doors, destino's ghost, amateur KoEn


Innate Abilities, Weirdness & Mutations

You cannot wear most types of armour.
You are amphibious.
You can wear up to eight rings at the same time.
Your skin changes colour to match your surroundings (Stealth+).
Your rubbery body absorbs attacks. (AC +1, EV +1)
((You are camouflaged when in or above water. (Stealth+)))
You have tentacles for arms and can constrict up to eight enemies at once.


Message History

The puff of flame misses the orc wizard.
The orc wizard casts a spell at you. The puff of flame hits you!
You are too injured to fight recklessly!
You are too injured to fight recklessly!
Unknown command.
Aiming: Throw Flame
Press: ? - help, Q - select action, (/) - cycle Shift-Dir - straight line, f/p - orc wizard
Aim: an orc wizard, wielding a +0 dagger of freezing and wearing a +0 robe (heavily wounded, 64% to hit)
The puff of flame misses the orc wizard.
The orc wizard casts a spell at you.
You are confused.
You are too confused!
You are too confused!
Unknown command.
You are too confused!
You are too confused!
You bump into the rock wall.
The orc wizard points at you and mumbles some strange words.
You resist with some effort.
You bump into the rock wall.
The ogre shouts!
The orc wizard points at you and mumbles some strange words.
The magic dart hits you!
You are too confused!
Unknown command.
You bump into the rock wall.
You bump into the rock wall.
You feel less confused.
Aiming: Charm
Press: ? - help, Shift-Dir - straight line, f - ogre, p - orc wizard
Aim: an ogre, wielding a +0 giant club (chance to affect: 57%)
The ogre resists with significant effort.
Unknown command.
Aiming: Charm
Press: ? - help, Shift-Dir - straight line, f/p - ogre
Aim: an ogre, wielding a +0 giant club (chance to affect: 57%)
The ogre resists with significant effort.
The ogre hits you with a +0 giant club!!
You die...

................## ##......
.............#...# ##......
..^....<...###...###...#
.......)...###.........#
.#...o.)........##.#...#
###.#).####.#########.#
###..# ######......#
#..#.####.........###
.....o.@O...........#O..
........###...>..........
......... #.........#....
#.........#...........####.
........#..........#
....... #...........#
.###... #...........# #...
#.............
.......<......


You could see an ogre and an orc wizard.

Vanquished Creatures
  A phantom (D:4)
  A kobold brigand (Sewer)
  A scorpion (D:5)
  A jelly (D:4)
  A hound (D:4)
  An orc priest (D:5)
  Jessica (D:2)
  An orc wizard (D:5)
  7 adders
  A river rat (Sewer)
  2 dart slugs
  8 orcs
  10 ball pythons
  8 endoplasms
  16 giant cockroaches
  8 goblins
  3 hobgoblins
  10 jackals
  4 quokkas
  4 bats
  3 frilled lizards
  15 kobolds
  10 rats
117 creatures vanquished.

Vanquished Creatures (collateral kills)
  An iguana (D:4)
  An orc wizard (D:5)
  An orc (D:5)
  4 giant cockroaches (D:3)
  A hobgoblin (D:3)
8 creatures vanquished.

Vanquished Creatures (others)
  2 fungi (D:4)
  2 plants (D:4)
4 creatures vanquished.

Grand Total: 129 creatures vanquished

Notes
Turn   | Place    | Note
-------+----------+-------------------------------------------
     0 | D:1      | H0rd4k the Octopode Artificer began the quest for the Orb.
     0 | D:1      | Reached XP level 1. HP: 13/13 MP: 1/1
   318 | D:1      | Reached XP level 2. HP: 16/18 MP: 2/2
   526 | D:1      | Reached skill level 1 in Spellcasting
   526 | D:1      | Found a faded altar of an unknown god.
   811 | D:1      | Reached XP level 3. HP: 24/24 MP: 4/4
   939 | D:1      | Found Jaigy's Antique Weapon Shoppe.
   999 | D:1      | Reached skill level 1 in Unarmed Combat
  1391 | D:2      | Noticed Jessica
  1393 | D:2      | Killed Jessica
  1394 | D:2      | Reached XP level 4. HP: 30/30 MP: 6/6
  2194 | D:3      | Reached skill level 2 in Unarmed Combat
  2261 | D:3      | Found a broken altar of Ashenzari.
  2437 | D:3      | Found a glowing drain.
  2456 | Sewer    | Entered a sewer
  2717 | Sewer    | Reached XP level 5. HP: 35/35 MP: 8/8
  2776 | Sewer    | Noticed a kobold brigand
  2803 | Sewer    | Killed a kobold brigand
  2804 | Sewer    | Reached skill level 3 in Unarmed Combat
  3011 | Sewer    | Found a white marble altar of Elyvilon.
  3251 | D:3      | HP: 1/36 [adder (1)]
  3325 | D:3      | Reached XP level 6. HP: 14/42 MP: 9/9
  4314 | D:4      | Found a runed translucent gate.
  4448 | D:4      | Reached skill level 4 in Unarmed Combat
  4752 | D:4      | Found Lyun's Weapon Shop.
  5192 | D:4      | Found a runed translucent gate.
  5192 | D:4      | Found a runed translucent gate.
  5193 | D:4      | Noticed destino's ghost (amateur KoEn)
  5247 | D:5      | Entered Level 5 of the Dungeon
  5254 | D:5      | Reached XP level 7. HP: 47/47 MP: 11/11
  5375 | D:5      | Reached skill level 5 in Unarmed Combat
  5415 | D:5      | Slain by an ogre

Illustrated notes

Levels and vault maps discovered:
D:1:      giann_bridges, layout_rooms, serial_shops, nicolae_diamond_shop,
          ebering_ecumenical_altar_sacrificial
D:2:      layout_basic, uniq_jessica
D:3:      minmay_roachtagon, layout_basic, nicolae_ashenzari_skybound,
          gup_sewer_entry_bubbles
D:4:      layout_gridville, serial_shops, nicolae_shop_hallway_plus,
          gammafunk_ghost_nasty_kobolds
D:5:      layout_cave_pools, mainiacjoe_overflow_cross_hatched,
          kennysheep_mini_moat

Skill      XL: |  1  2  3  4  5  6  7 |
---------------+----------------------+-----
Spellcasting   | 1 2 3 |  3.0
Fighting       | 2 3 4 |  4.1
Unarmed Combat | 1 2 3 4 5 |  5.0
Dodging        | |  2.3
Stealth        | |  1.3
Evocations     | |  3.2

Action                   |  1- 3 |  4- 6 |  7- 9 || total
-------------------------+-------+-------+-------++-------
Melee: Unarmed           |    68 |   199 |    12 ||   279
       Constrict         |    19 |    57 |     5 ||    81
       Tentacles         |    13 |    41 |     3 ||    57
       Punch             |     1 |     2 |     1 ||     4
Evoke: Wand              |     3 |    14 |    14 ||    31
  Use: Potion            |       |     1 |       ||     1
 Stab: Sleeping          |     6 |    19 |       ||    25
Armor: Skin              |     1 |    20 |       ||    21
Dodge: Dodged            |    36 |   127 |     7 ||   170
